 Dungeon Crawl Stone Soup version 0.15-a0-672-g38fd0bf (console) character file.

112 Rage the Cudgeler (level 4, -4/48 HPs)
             Began as an Ogre Fighter on May 8, 2014.
             Was a Follower of Trog.
             Slain by a giant frog (6 damage)
             ... on Level 3 of the Dungeon.
             The game lasted 00:04:53 (889 turns).

Rage the Cudgeler (Ogre Fighter)                     Turns: 889, Time: 00:04:53

HP  -4/48        AC  4     Str 26      XL: 4   Next: 95%
MP   4/4         EV  8     Int  7      God: Trog [*.....]
Gold 101         SH 18     Dex 10      Spells:  0 memorised,  3 levels left

rFire  . . .     SeeInvis .     v - -1,-2 flail (curse)
rCold  . . .     Clarity  +     q - +1 robe
rNeg   + . .     Conserve .     c - +0 shield
rPois  .         rCorr    .     (helmet restricted)
rElec  .         rRot     .     (no cloak)
SustAb . .       Spirit   .     (gloves unavailable)
rMut   .         Warding  .     (boots unavailable)
Saprov + . .     Stasis   .     b - amulet of clarity
MR     +....                    t - ring of positive energy
                                j - ring of protection from magic

@: mighty, somewhat resistant to hostile enchantments, very unstealthy
A: unfitting armour, fast metabolism 1, saprovore 1, tough skin 1
a: Burn Spellbooks, Berserk, Renounce Religion


You were on level 3 of the Dungeon.
You worshipped Trog.
Trog was aware of your devotion.
You were starving.

You visited 1 branch of the dungeon, and saw 3 of its levels.

You collected 101 gold pieces.

Inventory:

Hand weapons
 a - a +0,+0 flail
 v - a cursed -1,-2 flail (weapon)
Missiles
 o - 7 tomahawks (quivered)
Armour
 c - a +0 shield (worn)
 q - a +1 robe (worn)
Comestibles
 d - 3 meat rations
 n - a bread ration
Scrolls
 l - a scroll of noise {unknown}
 m - a scroll of random uselessness
 p - a scroll of blinking
 s - a scroll of teleportation {unknown}
 u - a scroll of amnesia
Jewellery
 b - an amulet of clarity (around neck)
 j - a ring of protection from magic (left hand)
 r - an uncursed amulet of guardian spirit
 t - a ring of positive energy (right hand)
Potions
 e - a potion of might
 f - a potion of confusion
 g - 2 potions of curing {unknown}
 k - a potion of agility {unknown}


   Skills:
 - Level 4.0 Fighting
 + Level 6.5 Maces & Flails
 - Level 2.6 Dodging
 - Level 2.6 Shields


You had 3 spell levels left.
You didn't know any spells.

Dungeon Overview and Level Annotations

Branches:
Dungeon (3/15)

Altars:
Ashenzari
Kikubaaqudgha
Makhleb
Qazlal
Trog


Innate Abilities, Weirdness & Mutations

You are too large for most types of armour.
You have a fast metabolism.
You can tolerate rotten meat.
You have tough skin (AC +1).


Message History

You feel very mighty all of a sudden. The giant frog hits you.
The giant frog hits you but does no damage.
You barely miss the giant frog. You block the giant frog's attack.
You block the giant frog's attack.
You barely miss the giant frog. The giant frog hits you!
* * * LOW HITPOINT WARNING * * *
You barely miss the giant frog. The giant frog hits you.
* * * LOW HITPOINT WARNING * * *
The giant frog completely misses you.
You hit the giant frog.
The giant frog is lightly wounded.
You are starving!
The giant frog hits you.
* * * LOW HITPOINT WARNING * * *
You block the giant frog's attack.
Drink which item? (? for menu, Esc to quit)
You feel momentarily confused.
It was a potion of confusion.
You block the giant frog's attack. The giant frog hits you.
You die...

#.# #.
#########.#
#.
#.....(...#
##
#.#########
#(# #)# #.#
# #.###.#
#..@F.#
#######


You could see a giant frog.

Vanquished Creatures
  Sigmund (D:3)
  A giant gecko (D:2)
  2 oozes (D:1)
  3 orcs (D:3)
  2 bats
  3 giant cockroaches
  3 goblins
  3 hobgoblins
  3 jackals (D:3)
  4 kobolds
  A ball python (D:1)
  A giant newt (D:3)
  4 rats
31 creatures vanquished.

Notes
Turn   | Place    | Note
--------------------------------------------------------------
     0 | D:1      | Rage, the Ogre Fighter, began the quest for the Orb.
     0 | D:1      | Reached XP level 1. HP: 24/24 MP: 1/1
   107 | D:1      | Reached XP level 2. HP: 26/32 MP: 2/2
   213 | D:2      | Found a stormy altar of Qazlal.
   263 | D:2      | Found an ancient bone altar of Kikubaaqudgha.
   266 | D:2      | Found a shattered altar of Ashenzari.
   269 | D:2      | Found a burning altar of Makhleb.
   272 | D:2      | Found a bloodstained altar of Trog.
   276 | D:2      | Became a worshipper of Trog the Wrathful
   631 | D:2      | Reached XP level 3. HP: 35/39 MP: 3/3
   655 | D:2      | Acquired Trog's first power
   735 | D:3      | Noticed Sigmund
   749 | D:3      | HP: 2/58 [Sigmund/magic dart (6)]
   751 | D:3      | Killed Sigmund
   751 | D:3      | Reached skill level 6 in Maces & Flails
   751 | D:3      | Reached XP level 4. HP: 2/48 MP: 0/4
   882 | D:3      | Noticed a giant frog
   888 | D:3      | HP: 2/48 [giant frog (3)]
   889 | D:3      | Slain by a giant frog

Action                   |  1- 3 |  4- 6 || total
-------------------------+-------+-------++-------
Melee: Flail             |    90 |    17 ||   107
Invok: Berserk           |     1 |       ||     1
  Use: Scroll            |     3 |       ||     3
       Potion            |       |     2 ||     2
